 Dungeon Crawl Stone Soup version 0.20.0-15-g7f486f2 (webtiles) character file.

156 manyhoops the Ruffian (level 5, -2/40 HPs)
             Began as a Draconian Transmuter on June 18, 2017.
             Slain by Nr616's ghost (11 damage)
             ... on level 3 of the Dungeon.
             The game lasted 00:04:29 (2502 turns).

manyhoops the Ruffian (Draconian Transmuter)        Turns: 2502, Time: 00:04:30

Health: -2/40      AC:  6    Str: 13    XL:     5   Next: 15%
Magic:  4/8        EV: 12    Int: 14    God:
Gold:   106        SH:  0    Dex: 11    Spells: 1/8 levels left

rFire    . . .     SeeInvis .     - Unarmed
rCold    . . .     Gourm    .   (no shield)
rNeg     . . .     Faith    .   (armour unavailable)
rPois    .         Spirit   .   (helmet restricted)
rElec    .         Reflect  .   (no cloak)
rCorr    .         Harm     .   l - +0 pair of gloves
MR       .....                  (boots currently unavailable)
Stlth    +.........             (no amulet)
Regen    0.2/turn               (no ring)
MPRegen  0.2/turn               (no ring)

@: appendage (expiring), hasted, very quick
A: unfitting armour, talons 3, cold-blooded, AC +5
a: End Transformation


You were on level 3 of the Dungeon.
You were not hungry.
You had grown temporary talons.
You visited 1 branch of the dungeon, and saw 3 of its levels.

You collected 106 gold pieces.

Inventory:

Missiles
 a - 35 arrows
Armour
 l - a +0 pair of gloves (worn)
Jewellery
 p - an uncursed ring of resist corrosion {unknown}
 q - a cursed ring of teleportation {unknown}
Scrolls
 d - 3 scrolls of remove curse
 e - a scroll of amnesia
 f - 2 scrolls of teleportation
 h - a scroll of blinking
 i - 2 scrolls of identify {unknown}
Potions
 j - a potion of haste
 n - a potion of degeneration {unknown}
 o - a potion of agility {unknown}
Books
 b - a book of Changes

   Spells                             Type                      Level
   a - Beastly Appendage              Transmutation                1
   b - Sticks to Snakes               Transmutation                2
   c - Spider Form                    Transmutation/Poison         3
   d - Ice Form                       Ice/Transmutation            4
   e - Blade Hands                    Transmutation                5
 g - a book of Misfortune

   Spells                             Type                      Level
   a - Confusing Touch                Hexes                        1
   b - Confuse                        Hexes                        3
   c - Gell's Gravitas                Translocation                3
   d - Petrify                        Transmutation/Earth          4
   e - Metabolic Englaciation         Hexes/Ice                    5
   f - Yara's Violent Unravelling     Hexes/Transmutation          5
Comestibles
 c - 3 bread rations
 k - a meat ration
 m - a chunk of flesh


   Skills:
 - Level 1.1 Fighting
 - Level 1.7 Dodging
 + Level 5.9 Unarmed Combat
 - Level 2.0 Spellcasting
 - Level 2.0 Transmutations


You had one spell level left.
You knew the following spells:

 Your Spells              Type           Power        Failure   Level  Hunger
a - Beastly Appendage     Tmut           #.....       11%         1    ##.....
b - Sticks to Snakes      Tmut           #.......     16%         2    ###....
c - Spider Form           Tmut/Pois      #.........   43%         3    ####...
d - Confusing Touch       Hex            #.....       24%         1    ##.....


Dungeon Overview and Level Annotations

Branches:
Dungeon (3/15)

Altars:

Annotations:
D:2 Grinder
D:3 Nr616's ghost, weakling MiFi


Innate Abilities, Weirdness & Mutations

Your plain brown scales are hard. (AC +5)
You cannot fit into any form of body armour.
You are cold-blooded and may be slowed by cold attacks.
You have claws for feet.


Message History

Your ball python closely misses Nr616's ghost.
Your adder bites Nr616's ghost but does no damage.
Nr616's ghost completely misses you.
You hit Nr616's ghost.
You claw Nr616's ghost, but do no damage.
You punch Nr616's ghost, but do no damage.
Nr616's ghost is lightly damaged.
Your transformation is almost over.
Your ball python bites Nr616's ghost but does no damage.
Your adder bites Nr616's ghost but does no damage.
You hit Nr616's ghost but do no damage. You tail-slap Nr616's ghost.
Nr616's ghost is lightly damaged.
Your ball python bites Nr616's ghost.
Nr616's ghost hits you!
* * * LOW HITPOINT WARNING * * *
Your adder bites Nr616's ghost but does no damage.
Unknown command.
You feel yourself speed up.
Your ball python bites Nr616's ghost but does no damage.
Your adder barely misses Nr616's ghost.
Nr616's ghost hits you!
You die...

..?.!........#
..........#..
#..........
#...#.##... ..
#.......... #. .#
#.....##.#. .. #.#
#.S.### #.#. #.# #.W.#
#.#. #.# #@S.####.
#.#.##.######.........
#.#...................
#.....#.#####.##.#####
#..#.###......# .#
##....#.#####.......
##.##.## ####...#
#รท##.######## #.#
#.##......... #


You could see Nr616's ghost, a friendly adder and a friendly ball python.

Vanquished Creatures
  Natasha (twice) (D:2)
  Robin (D:2)
  3 adders
  An ooze (D:2)
  A worm (D:2)
  A dart slug (D:1)
  6 bats
  3 giant cockroaches
  9 goblins
  8 hobgoblins
  4 kobolds
  2 quokkas
  5 frilled lizards (D:1)
  3 rats
49 creatures vanquished.

Vanquished Creatures (collateral kills)
  Natasha (D:2)
1 creature vanquished.

Grand Total: 50 creatures vanquished

Notes
Turn   | Place    | Note
-------+----------+-------------------------------------------
     0 | D:1      | manyhoops the Draconian Transmuter began the quest for the Orb.
     0 | D:1      | Reached XP level 1. HP: 16/16 MP: 3/3
   380 | D:1      | Reached XP level 2. HP: 23/23 MP: 5/5
   650 | D:2      | Noticed Robin
   867 | D:1      | Reached skill level 4 in Unarmed Combat
   872 | D:1      | Reached XP level 3. HP: 8/28 MP: 6/6
  1247 | D:2      | Learned a level 2 spell: Sticks to Snakes
  1251 | D:2      | Learned a level 3 spell: Spider Form
  1297 | D:2      | Killed Robin
  1540 | D:2      | Noticed Natasha
  1547 | D:2      | Killed Natasha
  1547 | D:2      | Reached skill level 5 in Unarmed Combat
  1547 | D:2      | Reached XP level 4. HP: 23/35 MP: 3/7
  1657 | D:2      | Noticed Natasha
  1670 | D:2      | Killed Natasha
  1935 | D:2      | Noticed Natasha
  1948 | D:2      | Killed Natasha
  1981 | D:2      | Reached XP level 5. HP: 12/40 MP: 5/8
  2202 | D:2      | Learned a level 1 spell: Confusing Touch
  2212 | D:3      | Noticed Grinder
  2223 | D:2      | Paralysed by Grinder for 7 turns
  2484 | D:3      | Noticed Nr616's ghost (weakling MiFi)
  2502 | D:3      | Slain by Nr616's ghost

Skill      XL: |  1  2  3 |
---------------+----------+-----
Unarmed Combat | 4 5 |  5.9
Fighting       | |  1.1
Dodging        | |  1.7
Spellcasting   | |  2.0
Transmutations | |  2.0

Action                   |  1- 3 |  4- 6 || total
-------------------------+-------+-------++-------
Melee: Unarmed           |    99 |   101 ||   200
       Tailslap          |     3 |    11 ||    14
       Punch             |     1 |     2 ||     3
       Kick              |     7 |     6 ||    13
       Headbutt          |     1 |     1 ||     2
 Cast: Beastly Appendage |     8 |     7 ||    15
       Sticks to Snakes  |     1 |     6 ||     7
       Confusing Touch   |       |     1 ||     1
  Use: Scroll            |     5 |     1 ||     6
       Potion            |     2 |     1 ||     3
  Eat: Chunk             |     2 |     4 ||     6
Armor: Skin              |    97 |    45 ||   142
Dodge: Dodged            |    75 |    98 ||   173
